 Dungeon Crawl Stone Soup version 0.23.2-33-g5129a83184 (webtiles) character file.

Game seed: 11754231695414898625

110 GOR the Magician (level 5, -3/28 HPs)
             Began as a Kobold Wizard on Aug 5, 2019.
             Killed from afar by an orc wizard (7 damage)
             ... with a magic dart
             ... on level 3 of the Dungeon.
             The game lasted 00:13:55 (5005 turns).

GOR the Magician (Kobold Wizard)                    Turns: 5005, Time: 00:13:56

Health: -3/28      AC:  6    Str:  4    XL:     5   Next: 14%
Magic:  3/11       EV: 16    Int: 21    God:
Gold:   113        SH:  0    Dex: 16    Spells: 2/13 levels left

rFire    . . .     SeeInvis .   v - +0 arbalest
rCold    . . .     Gourm    .   (shield currently unavailable)
rNeg     . . .     Faith    .   a - +0 robe
rPois    .         Spirit   .   b - +0 hat
rElec    .         Reflect  .   u - +0 cloak
rCorr    .         Harm     .   h - +2 pair of gloves {Dex+3}
MR       .....                  (no boots)
Stlth    ++........             (no amulet)
HPRegen  0.09/turn              (no ring)
MPRegen  0.12/turn              (no ring)

@: no status effects
A: small, carnivore
a: no special abilities


You were on level 3 of the Dungeon.
You were very full.

You visited 1 branch of the dungeon, and saw 4 of its levels.

You collected 113 gold pieces.

Inventory:

Hand Weapons
 c - a +0 club
 v - a +0 arbalest (weapon)
Missiles
 i - 73 arrows
 l - 15 sling bullets
 r - 16 bolts (quivered)
Armour
 a - a +0 robe (worn)
 b - a +0 hat (worn)
 h - a +2 pair of gloves of dexterity (worn)
 s - a +0 leather armour
 u - a +0 cloak (worn)
Scrolls
 f - 2 scrolls of enchant weapon {unknown}
 g - 3 scrolls of identify {unknown}
 j - a scroll of amnesia {unknown}
 k - 2 scrolls of fog {unknown}
 p - a scroll of teleportation {unknown}
Potions
 e - 3 potions of heal wounds {unknown}
 m - 3 potions of curing {unknown}
 n - a potion of mutation {unknown}
 o - a potion of brilliance {unknown}
 q - a potion of agility {unknown}
 t - a potion of lignification {unknown}
Comestibles
 d - 5 rations


   Skills:
 + Level 0.1 Fighting
 + Level 0.3 Maces & Flails
 + Level 2.8 Dodging
 + Level 3.0 Stealth
 + Level 4.5 Spellcasting
 + Level 2.7 Conjurations
 + Level 1.0 Summonings
 + Level 1.0 Translocations


You had 2 spell levels left.
You knew the following spells:

 Your Spells              Type           Power        Failure   Level  Hunger
a - Magic Dart            Conj           ###.         3%          1    None
b - Blink                 Tloc           N/A          12%         2    #......
c - Call Imp              Summ           #.......     12%         2    #......
d - Conjure Flame         Conj/Fire      ##......     19%         3    ##.....
e - Mephitic Cloud        Conj/Pois/Air  #.......     24%         3    ##.....

Your spell library contained the following spells:

 Spells                   Type           Power        Failure   Level  Hunger
 Slow                     Hex            #.......     17%         2    #......


Dungeon Overview and Level Annotations

Branches:
Dungeon (4/15)
 Temple: D:4-7

Altars:
Vehumet

Annotations:
D:1 Terence


Innate Abilities, Weirdness & Mutations

You are small and have problems with some larger weapons.
You are carnivorous and can eat meat at any time.


Message History

You are confused.
Something hits you but does no damage.
You bump into the rock wall.
An orc wizard appears from thin air!
Reactivating autopickup.
The orc wizard casts a spell.
The orc wizard flickers and vanishes!
Deactivating autopickup; reactivate with Ctrl-A.
You see here 3 bolts.
Things that are here:
a bolt; a +0 dagger; an orc corpse You bump into the rock wall.
You feel less confused. Something hits you but does no damage.
You see here a bolt.
Items here: ( ) [ † a bolt; a +0 short sword; a cursed -1 ring mail; an orc corpse Something hits you but does no damage.
A magic dart appears from out of thin air!
The magic dart hits you!
You die...

#........#.# #.#
#.#.#o...#.# #.#
..#......#(# #.#
..#.#....#.# #.#####
..#.######(# #.....#
..#.......(# #####.#
..#.###...(# #.#
...........# #########.#
###.###....#####@........#
............o....##########
###.##.#.........#........#
# #.##...........#.######.#
###.####.........#.# #.#
.....#...........#.# #.#
.##..#.###########.# #.#
.##..#.#...........# #.#
..#..#.##.###############.#


You could see an orc.

Vanquished Creatures
  4 adders
  A dart slug (D:3)
  8 orcs (D:3)
  2 ball pythons (D:3)
  7 bats
  3 giant cockroaches (D:1)
  6 goblins
  12 hobgoblins
  2 jackals (D:2)
  2 frilled lizards
  2 kobolds (D:1)
  11 rats
60 creatures vanquished.

Notes
Turn   | Place    | Note
-------+----------+-------------------------------------------
     0 | D:1      | GOR the Kobold Wizard began the quest for the Orb.
     0 | D:1      | Reached XP level 1. HP: 10/10 MP: 4/4
   202 | D:1      | Reached XP level 2. HP: 15/15 MP: 4/6
   476 | D:1      | Reached skill level 4 in Spellcasting
   586 | D:1      | Reached XP level 3. HP: 19/19 MP: 1/8
  1587 | D:2      | Found a radiant altar of Vehumet.
  2554 | D:2      | Reached XP level 4. HP: 24/24 MP: 6/10
  2860 | D:2      | Noticed Terence
  2990 | D:1      | Learned a level 2 spell: Blink
  2993 | D:1      | Learned a level 2 spell: Call Imp
  2997 | D:1      | Learned a level 3 spell: Conjure Flame
  3001 | D:1      | Learned a level 3 spell: Mephitic Cloud
  4285 | D:3      | Reached XP level 5. HP: 23/28 MP: 0/11
  5005 | D:3      | Killed from afar by an orc wizard

Skill      XL: |  1  2  3  4  5 |
---------------+----------------+-----
Spellcasting   | 4 |  4.5
Conjurations   | 2 |  2.7
Stealth        | 3 |  3.0
Fighting       | |  0.1
Maces & Flails | |  0.3
Dodging        | |  2.8
Summonings     | |  1.0
Translocations | |  1.0

Action                   |  1- 3 |  4- 6 || total
-------------------------+-------+-------++-------
Melee: Club              |    28 |    17 ||    45
 Fire: Arbalest          |       |     6 ||     6
 Cast: Magic Dart        |    78 |    89 ||   167
       Blink             |       |     3 ||     3
  Eat: Chunk             |    11 |     8 ||    19
Armor: Robe              |    11 |    24 ||    35
Dodge: Dodged            |    47 |    63 ||   110
